 Dungeon Crawl Stone Soup version 0.31.0-4-g52a2dc7128 (webtiles) character file.

Game seed: 14820941270621564149

227517 Implojin the Spry (level 18, -4/116 HPs)
             Began as a Tengu Delver on Jan 21, 2024.
             Was a Follower of Uskayaw.
             Killed from afar by a purple draconian knight (22 damage)
             ... with a bolt of dispelling energy
             ... in a wizard's laboratory.
             The game lasted 01:18:18 (35665 turns).

Implojin the Spry (Tengu Delver)                   Turns: 35665, Time: 01:18:18

Health: -4/116     AC: 20    Str: 17    XL:     18   Next: 92%
Magic:  28/28      EV: 33    Int: 11    God:    Uskayaw [*.....]
Gold:   222        SH: 19    Dex: 30    Spells: 17/17 levels left

rFire   + . .        Y - +7 captain's cutlass {speed, disarm}
rCold   . . .        A - +2 kite shield {AC+3}
rNeg    + . .        K - +5 ring mail "Cauzxapp" {Str+3 Dex+2}
rPois   +            (helmet restricted)
rElec   +            T - +1 cloak {rPois}
rCorr   .            k - +2 pair of gloves
SInv    .            (boots unavailable)
Will    +++..        N - amulet "Senier" {*Corrode rPois Will+ Regen+}
Stlth   +++++        I - ring of the Shrinking Gods {rElec rF+ rN+ Will+}
HPRegen 1.19/turn    G - +6 ring of dexterity
MPRegen 0.21/turn

%: corrode self (3%), acrobat
@: flying, hasted (expiring), very quick
A: beak, talons 3, evasive flight, acrobatic
}: 2/15 runes: serpentine, barnacled
a: Renounce Religion, Stomp


You were in a wizard's laboratory.
You worshipped Uskayaw.
Uskayaw was pleased with you.
You visited 7 branches of the dungeon, and saw 33 of its levels.
You also visited: Gauntlet, Volcano and Wizlab.

You collected 4793 gold pieces.
You spent 4571 gold pieces at shops.

Inventory:

Hand Weapons
 q - a +1 rapier of electrocution
 Y - the +7 captain's cutlass (weapon) {speed, disarm}
   (You bought it in a shop on level 1 of the Dungeon)
Missiles
 o - 5 curare-tipped darts
 w - 5 throwing nets
 E - 11 boomerangs (quivered)
 O - 6 silver javelins
Armour
 k - a +2 pair of gloves (worn)
 A - a +2 kite shield of protection (worn)
 H - +0 fire dragon scales
 K - the +5 ring mail "Cauzxapp" (worn) {Str+3 Dex+2}
   (You found it on level 14 of the Dungeon)

   Str+3:     It affects your strength (+3).
   Dex+2:     It affects your dexterity (+2).
 T - a +1 cloak of poison resistance (worn)
Jewellery
 u - a ring of see invisible
 C - a ring of the Octopus King {Wiz HP+2 AC+2 EV+2 SH+2}
   (You found it on level 5 of the Lair of Beasts)

   [ring of wizardry]

   Wiz:       It improves your spell success rate.
   AC+2:      It affects your AC (+2).
   EV+2:      It affects your evasion (+2).
   HP+2:      It affects your health (+2).
   SH+2:      It affects your SH (+2).
 D - a +5 ring of evasion
 G - a +6 ring of dexterity (right hand)
 I - the ring of the Shrinking Gods (left hand) {rElec rF+ rN+ Will+}
   (You acquired it on level 12 of the Dungeon)

   [ring of willpower]

   rF+:       It protects you from fire.
   rElec:     It insulates you from electricity.
   rN+:       It protects you from negative energy.
   Will+:     It increases your willpower.
 M - the ring "Mekomoru" {rF- Will++ rCorr Str+3}
   (You found it in a Gauntlet)

   [ring of resist corrosion]

   Str+3:     It affects your strength (+3).
   rF-:       It makes you vulnerable to fire.
   Will++:    It greatly increases your willpower.
   rCorr:     It protects you from acid and corrosion.
 N - the amulet "Senier" (around neck) {*Corrode rPois Will+ Regen+}
   (You bought it in a shop on level 1 of the Snake Pit)

   [amulet of regeneration]

   rPois:     It protects you from poison Will+: It increases your willpower.
   Regen+:    It increases your rate of health regeneration.
   *Corrode:  It may corrode you when you take damage.
 P - a ring of willpower
 U - a ring of protection from fire
 W - a ring of protection from cold
 Z - a +4 ring of slaying
Wands
 g - a wand of digging (13)
 y - a wand of quicksilver (24)
 L - a wand of roots (14)
 V - a wand of paralysis (14)
Scrolls
 c - a scroll of fog
 d - 8 scrolls of revelation
 e - 2 scrolls of fear
 h - 6 scrolls of immolation
 n - 14 scrolls of teleportation
 r - 2 scrolls of blinking
 t - a scroll of silence
 x - 2 scrolls of vulnerability
 B - 4 scrolls of enchant armour
 Q - 7 scrolls of identify
Potions
 a - 3 potions of enlightenment
 b - 5 potions of might
 f - 8 potions of haste
 j - 3 potions of resistance
 l - 11 potions of heal wounds
 m - 3 potions of berserk rage
 p - 13 potions of curing
 s - a potion of magic
 v - 6 potions of mutation
 z - 2 potions of cancellation
 F - 5 potions of invisibility
 J - 5 potions of ambrosia
 R - 3 potions of attraction
Miscellaneous
 i - a condenser vane
 S - a phantom mirror
 X - a lightning rod (4/4)


   Skills:
 - Level 14.0 Fighting
 - Level 14.0 Short Blades
 - Level 2.0 Throwing
 - Level 8.0 Armour
 * Level 18.9 Dodging
 - Level 10.0 Stealth
 - Level 15.0 Shields
 - Level 13.1 Invocations


You had 17 spell levels left.
You didn't know any spells.
Your spell library contained the following spells:

 Spells                   Type           Power      Damage    Failure   Level
 Apportation              Tloc           0%         N/A       69%         1
 Kiss of Death            Conj/Necr      0%         2d5       69%         1
 Magic Dart               Conj           0%         1d3       69%         1
 Necrotise                Necr           0%         1d4       69%         1
 Sandblast                Erth           0%         2d4       69%         1
 Shock                    Conj/Air       0%         1d3       69%         1
 Sting                    Conj/Alch      0%         1d3       69%         1
 Summon Small Mammal      Summ           0%         N/A       69%         1
 Call Imp                 Summ           0%         N/A       83%         2
 Cigotuvi's Dreadful Rot  Necr/Alch/Air  0%         N/A       83%         2
 Ensorcelled Hibernation  Hex/Ice        0%         N/A       83%         2
 Mercury Vapours          Alch/Air       0%         N/A       83%         2
 Scorch                   Fire           0%         2d5       83%         2
 Searing Ray              Conj           0%         2d4       83%         2
 Sublimation of Blood     Necr           0%         N/A       83%         2
 Confusing Touch          Hex            0%         N/A       96%         3
 Inner Flame              Hex/Fire       0%         N/A       96%         3
 Passwall                 Erth           0%         N/A       96%         3
 Stone Arrow              Conj/Erth      0%         3d7       96%         3
 Summon Ice Beast         Ice/Summ       0%         N/A       96%         3
 Swiftness                Air            0%         N/A       96%         3
 Volatile Blastmotes      Fire/Tloc      0%         2d10      96%         3
 Airstrike                Air            0%         2d(0-16)  100%        4
 Animate Armour           Summ/Erth      0%         N/A       100%        4
 Brom's Barrelling Bould  Conj/Erth      0%         2d3       100%        4
 Dispel Undead            Necr           0%         3d6       100%        4
 Flame Wave               Conj/Fire      0%         2d4       100%        4
 Fulminant Prism          Conj/Alch      0%         3d5       100%        4
 Ignite Poison            Fire/Alch      0%         N/A       100%        4
 Iskenderun's Mystic Bla  Conj/Tloc      0%         2d3       100%        4
 Olgreb's Toxic Radiance  Alch           0%         N/A       100%        4
 Sticky Flame             Fire/Alch      0%         2d4       100%        4
 Summon Lightning Spire   Summ/Air       0%         N/A       100%        4
 Vhi's Electric Charge    Tloc/Air       0%         N/A       100%        4
 Arcjolt                  Conj/Air       0%         1d10      100%        5
 Freezing Cloud           Conj/Ice/Air   0%         6-21      100%        5
 Irradiate                Conj/Alch      0%         3d11      100%        5
 Lee's Rapid Deconstruct  Erth           0%         3d4*      100%        5
 Yara's Violent Unravell  Hex/Alch       0%         3d3       100%        5
 Conjure Ball Lightning   Conj/Air       0%         3x3d6     100%        6
 Sculpt Simulacrum        Ice/Alch       0%         N/A       100%        6
 Starburst                Conj/Fire      0%         6d3       100%        6
 Summon Cactus Giant      Summ           0%         N/A       100%        6
 Ozocubu's Refrigeration  Ice            0%         4d7       100%        7
 Summon Hydra             Summ           0%         N/A       100%        7
 Discord                  Hex            0%         N/A       100%        8
 Disjunction              Tloc           0%         N/A       100%        8
 Ignition                 Fire           0%         3d3       100%        8
 Maxwell's Capacitive Co  Air            0%         ∞         100%        8
 Polar Vortex             Ice            0%         N/A       100%        9


Dungeon Overview and Level Annotations

Branches:
Dungeon (15/15)            Temple (1/1) D:7            Lair (5/5) D:10
 Shoals (4/4) Lair:2        Snake (4/4) Lair:3        Slime (0/5) Lair:4
    Orc (2/2) D:11            Elf (0/3) Orc:2        Vaults (2/5) D:14
 Depths (0/4) D:15        Volcano (visited)          WizLab (1/1)
Gauntlet (visited)
  Crypt: Vaults:2-3

Altars:
Ashenzari
Cheibriados
Dithmenos
Elyvilon
Fedhas
Gozag
Hepliaklqana
Kikubaaqudgha
Makhleb
Nemelex Xobeh
Okawaru
Qazlal
Ru
Sif Muna
Trog
Uskayaw
Vehumet
Wu Jian
Xom
Yredelemnul
Zin
The Shining One
Jiyva
Lugonu

Shops:
D:1 *   D:2 (   D:12 (   Orc:2 !(=[(   Shoals:3 !   Snake:1 =[[!   Snake:2 =::
Snake:4 *:=

Annotations:
D:7 2 transporters
D:8 2 transporters, Mahakala's ghost, novice MiBe
D:13 3 runed translucent doors, exclusion: orange crystal statue
Lair:1 exclusion: oklob plant
Snake:3 Mara; Nikola; Vashnia WizLab exclusion: statue


Innate Abilities, Weirdness & Mutations

You have a beak for a mouth.
You have claws for feet.
Your magical flight helps you evade attacks. (EV +4)
You can magically evade attacks while moving or waiting.


Message History

Your kick misses the purple draconian knight.
Your peck misses the purple draconian knight.
The purple draconian knight is lightly wounded.
The purple draconian knight completely misses you.
You completely miss the purple draconian knight.
You peck the purple draconian knight, but do no damage.
The purple draconian knight is lightly wounded.
Something hits you.
Danger: Low HP Warning |T2| Reason: 44% HP (52/116)
You hit the purple draconian knight but do no damage.
You claw the purple draconian knight, but do no damage.
Your peck misses the purple draconian knight.
The purple draconian knight is lightly wounded.
The purple draconian knight barely misses you.
Something barely misses you.
You hit the purple draconian knight.
Your kick misses the purple draconian knight.
The purple draconian knight is lightly wounded.
You barely miss the purple draconian knight.
You claw the purple draconian knight, but do no damage.
The purple draconian knight is lightly wounded.
The purple draconian knight gestures wildly while chanting.
The purple draconian knight flickers and vanishes!
Something hits you but does no damage.
The conjurer statue conjures an orb of pure magic.
An orb of destruction comes into view.
A bolt of dispelling energy appears from out of thin air!
The bolt of dispelling energy misses you.
Something barely misses you.
A bolt of dispelling energy appears from out of thin air!
The bolt of dispelling energy hits you!!!
Unknown command.
Blink to where?
Press: ? - help, Dir - move target
As you read the scroll of blinking, it crumbles to dust.
You feel yourself speed up.
A bolt of dispelling energy appears from out of thin air!
The bolt of dispelling energy hits you!!
Your magical effects are unravelling.
You die...

#########################
.#.#.##§##.#.#.#.#.#.##§##
#.#.#.#.#.#.#.#.#.#.#.##§##
.......#...........§§##.#§#
....................§§.####
................@...§§.#.##
....................§§..#.#
.....#...#...÷......§.§.§##
[..#.##.##{#............#.#
..###))÷.{###............##
.#.#[##'##.#.#..........#.#
#[#.###.###.#.#..........##
##÷## #'# ##.###........#.#
#.## .*. ##.#...÷......##


There were no monsters in sight!

Vanquished Creatures
  Saint Roka (Snake:4)
  A quicksilver dragon (Snake:4)
  Frances (Snake:2)
  2 krakens
  4 nagarajas (Snake:4)
  Aizul (Snake:1)
  2 orc warlords
  Nessos (D:13)
  7 purple draconians (WizLab)
  A minotaur (Gauntlet)
  6 statues (WizLab)
  A fire dragon (Lair:5)
  2 merfolk javelineers
  8 merfolk impalers
  7 hydras
  4 salamander tyrants (Snake:4)
  Fannar (Lair:2)
  8 vault guards (D:14)
  An alligator snapping turtle (Shoals:4)
  A rakshasa (D:15)
  9 anacondas
  An ogre mage (Orc:2)
  7 centaur warriors
  3 merfolk avatars
  4 death yaks
  4 two-headed ogres
  7 merfolk aquamancers
  5 tengu warriors
  3 boulder beetles
  An occultist (D:15)
  An orc high priest (Orc:2)
  3 shock serpents (Snake:4)
  11 naga warriors
  15 naga sharpshooters
  10 skysharks
  A salamander mystic (Snake:4)
  Amaemon (Lair:2)
  7 sea snakes
  4 mana vipers
  A deep elf archer (Volcano)
  A kraken simulacrum (Shoals:4)
  4 naga ritualists
  A lindwurm (Lair:5)
  A harpy (Shoals:4)
  3 large abominations (Gauntlet)
  An orc knight (Orc:2)
  A necromancer (D:15)
  A wolf spider zombie (D:15)
  A deep elf zephyrmancer (D:15)
  A sphinx simulacrum (D:15)
  A wolf spider (Gauntlet)
  6 deep elf pyromancers
  An ironbound convoker (Vaults:2)
  10 ugly things
  13 orc sorcerers
  16 manticores
  9 cyclopes
  6 fauns
  A moth of wrath (Gauntlet)
  4 salamanders
  8 merfolk sirens
  12 elephants
  13 naga magi
  Joseph (D:9)
  4 guardian serpents
  46 black mambas
  A torpor snail (Lair:2)
  A gargoyle (D:12)
  2 molten gargoyles (Lair:5)
  2 smoke demons (Gauntlet)
  6 water nymphs
  An orange demon (Lair:2)
  12 cane toads
  Maggie (Lair:2)
  2 rime drakes
  A kobold demonologist (D:11)
  A yaktaur (shapeshifter) (D:14)
  An unseen horror (D:11)
  2 minotaur zombies (Gauntlet)
  A centaur skeleton (D:15)
  7 komodo dragons
  16 tengu conjurers
  A red devil (Gauntlet)
  2 queen bees
  10 trolls
  3 polar bears
  A wolf spider simulacrum (D:15)
  9 snapping turtles
  21 merfolk
  A hornet (D:10)
  6 wind drakes
  14 blink frogs
  A shadow (D:8)
  5 slime creatures (D:13)
  A wraith (D:10)
  Sigmund (D:4)
  12 water elementals
  10 wyverns
  A spriggan (shapeshifter) (D:14)
  35 yaks
  8 fire elementals (Volcano)
  3 humans (D:14)
  7 basilisks
  2 redbacks (Gauntlet)
  3 wargs
  Menkaure (D:6)
  7 steam dragons
  5 small abominations (Gauntlet)
  22 nagas
  7 hell hounds
  14 water moccasins
  An ice beast (D:6)
  2 black bears
  25 orc warriors
  A sky beast (D:5)
  22 wolves
  14 ogres
  7 centaurs
  3 phantoms
  2 kobold brigands
  12 bullfrogs
  A gnoll sergeant (D:8)
  5 scorpions
  9 wights
  A hornet simulacrum (D:14)
  40 killer bees
  3 howler monkeys (D:11)
  3 electric eels
  7 crimson imps (Gauntlet)
  5 lava snakes (Lair:5)
  A jelly (D:6)
  18 orc priests
  3 gnoll boudas
  A sleepcap (D:7)
  8 iguanas
  40 orc wizards
  A boggart simulacrum (D:15)
  27 gnolls
  7 adders
  A shadow imp (D:5)
  2 white imps
  An ufetubus (D:6)
  A ribbon worm (D:2)
  95 orcs
  6 bats
  6 endoplasms
  4 giant cockroaches
  5 goblins
  4 hobgoblins
  3 jackals (D:2)
  8 kobolds
  4 quokkas
  4 ball pythons
  3 frilled lizards
  4 rats
  7 tentacles
1021 creatures vanquished.

Vanquished Creatures (others)
  A deep elf archer (Volcano)
  A deep elf pyromancer (Volcano)
  A tengu conjurer (WizLab)
  A human (D:14)
  An orc wizard (Orc:2)
  An orc (Orc:2)
  7 tentacles
13 creatures vanquished.

Grand Total: 1034 creatures vanquished

Notes
Turn   | Place    | Note
-------+----------+-------------------------------------------
     0 | D:5      | Implojin the Tengu Delver began the quest for the Orb.
     0 | D:5      | Reached XP level 1. HP: 14/14 MP: 2/2
   173 | D:2      | Reached XP level 2. HP: 19/19 MP: 3/3
   263 | D:1      | Found Rawor's General Store.
   354 | D:1      | Reached XP level 3. HP: 23/23 MP: 4/4
   808 | D:2      | Found Mole's Antique Weapon Shoppe.
   999 | D:2      | Reached skill level 3 in Dodging
   999 | D:2      | Reached XP level 4. HP: 28/28 MP: 5/5
  1693 | D:3      | Reached skill level 4 in Dodging
  1761 | D:3      | Reached XP level 5. HP: 31/32 MP: 6/6
  2198 | D:4      | Noticed Sigmund
  2206 | D:4      | Killed Sigmund
  2207 | D:4      | Reached skill level 5 in Dodging
  2207 | D:4      | Reached skill level 5 in Short Blades
  2207 | D:4      | Reached XP level 6. HP: 25/37 MP: 4/7
  2733 | D:5      | Gained mutation: Your magical flight helps you evade
                  | attacks. (EV +4) [Tengu growth]
  2733 | D:5      | Reached XP level 7. HP: 41/41 MP: 8/8
  3431 | D:5      | Reached skill level 6 in Dodging
  3431 | D:5      | Reached XP level 8. HP: 40/46 MP: 6/9
  3741 | D:6      | Reached skill level 7 in Dodging
  3803 | D:6      | Found a white marble altar of Elyvilon.
  4017 | D:6      | Found a stormy altar of Qazlal.
  4422 | D:6      | Noticed a yak
  4422 | D:6      | Noticed a two-headed ogre
  4424 | D:6      | Killed a two-headed ogre
  4425 | D:6      | Reached XP level 9. HP: 50/50 MP: 10/10
  4443 | D:6      | Reached skill level 10 in Stealth
  4541 | D:6      | Noticed Menkaure
  4544 | D:6      | Killed Menkaure
  5412 | D:7      | Found a transporter.
  5555 | D:7      | Noticed an ancient zyme
  5556 | D:7      | Noticed a red ugly thing
  5556 | D:7      | Noticed a cyan ugly thing
  5557 | D:7      | Found a corrupted altar of Lugonu.
  5864 | D:7      | Found a staircase to the Ecumenical Temple.
  5923 | D:7      | Found a transporter.
  5923 | D:7      | Noticed a cyan ugly thing
  5925 | D:7      | Noticed a green ugly thing
  6417 | Temple   | Entered the Ecumenical Temple
  6721 | D:8      | Reached skill level 10 in Short Blades
  6722 | D:8      | Found a transporter.
  6773 | D:8      | Noticed a moth of wrath
  6782 | D:8      | Found a transporter.
  6786 | D:8      | Noticed Mahakala's ghost (novice MiBe)
  6876 | D:8      | Noticed a six-headed hydra
  6913 | D:7      | Reached XP level 10. HP: 49/56 MP: 9/11
  7097 | D:8      | Reached skill level 8 in Dodging
  7614 | D:8      | Reached skill level 9 in Dodging
  7737 | D:9      | Found a hide-covered altar of Uskayaw.
  7974 | D:9      | Reached skill level 10 in Dodging
  8130 | D:9      | Noticed Joseph
  8143 | D:9      | Killed Joseph
  8831 | D:9      | Reached skill level 11 in Dodging
  8905 | D:9      | Found a sparkling altar of Nemelex Xobeh.
  9164 | D:9      | Became a worshipper of Uskayaw the Reveller
  9180 | D:10     | Entered Level 10 of the Dungeon
  9327 | D:9      | Reached * piety under Uskayaw
  9334 | D:10     | Reached ** piety under Uskayaw
  9344 | D:10     | Reached *** piety under Uskayaw
  9530 | D:10     | Found a basalt altar of Yredelemnul.
  9530 | D:10     | Found a hazy altar of Hepliaklqana.
  9533 | D:10     | Found a glowing silver altar of Zin.
  9743 | D:10     | Reached skill level 12 in Dodging
  9743 | D:10     | Reached skill level 1 in Invocations
  9747 | D:10     | Reached **** piety under Uskayaw
 10085 | D:10     | Found a snail-covered altar of Cheibriados.
 10298 | D:10     | Found a staircase to the Lair.
 10376 | D:11     | Reached XP level 11. HP: 60/60 MP: 13/13
 10385 | D:11     | Reached ***** piety under Uskayaw
 10405 | D:11     | Reached ****** piety under Uskayaw
 10468 | D:11     | Found a staircase to the Orcish Mines.
 10973 | D:11     | Noticed a manticore
 10985 | D:11     | Killed a manticore
 11195 | D:11     | Reached skill level 5 in Invocations
 11301 | D:11     | Noticed a cyclops
 11318 | D:11     | Killed a cyclops
 11438 | D:11     | Noticed a sixfirhy
 11737 | D:1      | Bought the +7 captain's cutlass {speed, disarm} for 702
                  | gold pieces
 11737 | D:1      | Found the +7 captain's cutlass {speed, disarm}
 11737 | D:1      | Bought a throwing net for 39 gold pieces
 11779 | D:1      | Bought the +3 chain mail of Veghuqum {Str+5} for 481 gold
                  | pieces
 12041 | Lair:1   | Entered Level 1 of the Lair of Beasts
 12089 | Lair:1   | Noticed a skyshark
 12163 | Lair:1   | Killed a skyshark
 12922 | Lair:1   | Found a blossoming altar of Fedhas.
 12943 | Lair:1   | Noticed an oklob plant
 13124 | Lair:2   | Noticed Maggie
 13126 | Lair:2   | Noticed Amaemon
 13173 | Lair:2   | Killed Amaemon
 13173 | Lair:2   | Killed Maggie
 13174 | Lair:2   | Reached XP level 12. HP: 60/64 MP: 14/19
 13204 | Lair:2   | Noticed a four-headed hydra
 13217 | Lair:2   | Killed a four-headed hydra
 13229 | Lair:2   | Found a dark tunnel.
 13238 | Volcano  | Entered a volcano
 13273 | Volcano  | Reached skill level 10 in Invocations
 13309 | Volcano  | Reached skill level 5 in Fighting
 13557 | Lair:2   | Noticed a skyshark
 13571 | Lair:2   | Killed a skyshark
 13705 | Lair:2   | Found a staircase to the Shoals.
 13746 | Lair:2   | Noticed a boulder beetle
 13768 | Lair:2   | Killed a boulder beetle
 13793 | Lair:2   | Reached skill level 10 in Fighting
 13793 | Lair:2   | Reached XP level 13. HP: 51/82 MP: 15/21
 14158 | Lair:2   | Noticed Fannar
 14175 | Lair:2   | Killed Fannar
 14618 | Lair:3   | Identified the +0 plate armour of the Nexus {rF- Str+5}
 14972 | Lair:3   | Found a staircase to the Snake Pit.
 15738 | Lair:4   | Found a viscous altar of Jiyva.
 15738 | Lair:4   | Found a staircase to the Slime Pits.
 16220 | Lair:4   | Reached skill level 1 in Armour
 16659 | Lair:5   | Entered Level 5 of the Lair of Beasts
 16671 | Lair:5   | Reached skill level 5 in Armour
 16678 | Lair:5   | Reached XP level 14. HP: 71/88 MP: 13/22
 17329 | Lair:5   | Found the ring of the Octopus King
 17353 | Lair:5   | Identified a ring of the Octopus King {Wiz HP+2 AC+2 EV+2
                  | SH+2}
 18261 | Lair:5   | Found a large runed translucent door.
 18261 | Lair:5   | Found a large runed translucent door.
 19080 | D:12     | Found Daud's Antique Weapon Shop.
 19341 | D:12     | Reached skill level 1 in Shields
 19519 | D:12     | Identified 2 scrolls of acquirement
 19522 | D:12     | Acquired the ring of the Shrinking Gods {rElec rF+ rN+
                  | Will+}
 19524 | D:12     | Acquired 882 gold pieces
 20193 | D:13     | Found a runed translucent door.
 20195 | D:13     | Reached XP level 15. HP: 79/92 MP: 25/25
 20273 | D:13     | Found a runed translucent door.
 20291 | D:13     | Found a runed translucent door.
 20332 | D:13     | Found a runed translucent door.
 20574 | D:13     | Noticed Nessos
 20589 | D:13     | Killed Nessos
 20590 | D:13     | Reached skill level 5 in Shields
 21003 | D:14     | Found a gate leading to a gauntlet.
 21041 | Gauntlet | Entered a Gauntlet
 21041 | Gauntlet | Found a transporter.
 21048 | Gauntlet | Found a transporter.
 21051 | Gauntlet | Found a transporter.
 21052 | Gauntlet | Found a transporter.
 21061 | Gauntlet | Found a transporter.
 21063 | Gauntlet | Found a transporter.
 21064 | Gauntlet | Found a transporter.
 21075 | Gauntlet | Found a transporter.
 21075 | Gauntlet | Found a transporter.
 21076 | Gauntlet | Found a transporter.
 21085 | Gauntlet | Found a transporter.
 21087 | Gauntlet | Found a transporter.
 21088 | Gauntlet | Found a transporter.
 21096 | Gauntlet | Found a transporter.
 21562 | Gauntlet | Identified the ring "Mekomoru" {rF- Will++ rCorr Str+3}
 21650 | Gauntlet | Got Pios's Vellum of the Iceberg and the Inferno
 22068 | D:14     | Identified the +5 ring mail "Cauzxapp" {Str+3 Dex+2}
 22197 | D:14     | Reached skill level 13 in Dodging
 22490 | D:14     | Reached skill level 14 in Dodging
 22509 | D:14     | Found a gate to the Vaults.
 22605 | D:15     | Entered Level 15 of the Dungeon
 23876 | D:15     | Found a staircase to the Depths.
 23928 | D:15     | Reached XP level 16. HP: 97/97 MP: 21/26
 23930 | D:15     | Reached skill level 15 in Dodging
 24145 | Orc:1    | Entered Level 1 of the Orcish Mines
 24624 | Orc:1    | Found a bloodstained altar of Trog.
 24841 | Orc:2    | Entered Level 2 of the Orcish Mines
 25011 | Orc:2    | Found Xaolim's Weapon Emporium.
 25217 | Orc:2    | Found a staircase to the Elven Halls.
 25469 | Orc:2    | Found Omeiw's Antique Armour Emporium.
 25511 | Orc:2    | Found an ancient bone altar of Kikubaaqudgha.
 25524 | Orc:2    | Found Vuiwkuhoy's Antique Weapon Emporium.
 25550 | Orc:2    | Found a radiant altar of Vehumet.
 25655 | Orc:2    | Found Nuahip Puuwn's Distillery.
 25666 | Orc:2    | Bought a potion of heal wounds for 75 gold pieces
 25666 | Orc:2    | Bought a potion of invisibility for 120 gold pieces
 25666 | Orc:2    | Bought a potion of curing for 45 gold pieces
 25666 | Orc:2    | Bought a potion of resistance for 150 gold pieces
 25703 | Orc:2    | Found Boziheot's Jewellery Shoppe.
 26104 | Snake:1  | Entered Level 1 of the Snake Pit
 26476 | Snake:1  | Found Diugul's Jewellery Shop.
 26517 | Snake:1  | Identified the serpent talisman of Jiakipni {rElec Will-
                  | Slay+2 Stlth+}
 26517 | Snake:1  | Noticed Aizul
 26538 | Snake:1  | Killed Aizul
 26910 | Snake:1  | Bought the amulet "Senier" {*Corrode rPois Will+ Regen+}
                  | for 576 gold pieces
 27020 | Snake:1  | Found a bloodstained altar of Trog.
 27067 | Snake:1  | Identified the +7 longbow "Nahaimoi" {antimagic, ^Fragile
                  | rElec Str+8 Dex-4}
 27289 | Orc:2    | Bought a potion of attraction for 45 gold pieces
 27761 | Snake:1  | Found Bum Nith's Distillery.
 27773 | Snake:1  | Bought a potion of might for 48 gold pieces
 27773 | Snake:1  | Bought a potion of curing for 36 gold pieces
 27773 | Snake:1  | Bought a potion of enlightenment for 60 gold pieces
 27773 | Snake:1  | Bought a potion of ambrosia for 96 gold pieces
 27773 | Snake:1  | Bought a potion of heal wounds for 60 gold pieces
 27773 | Snake:1  | Bought a potion of resistance for 120 gold pieces
 27773 | Snake:1  | Bought a potion of magic for 96 gold pieces
 27829 | Snake:1  | Found Yttaan's Antique Armour Shop.
 27953 | Snake:1  | Found Ywe Qico's Armour Boutique.
 27979 | Snake:1  | Bought a +1 cloak of poison resistance for 202 gold pieces
 28307 | Snake:2  | Noticed Frances
 28319 | Snake:2  | Killed Frances
 28637 | Snake:2  | Found Qisk's Book Boutique.
 28638 | Snake:2  | Found Ukliem's Jewellery Emporium.
 28640 | Snake:2  | Found Rebitz's Book Boutique.
 28931 | Snake:3  | Reached skill level 16 in Dodging
 28932 | Snake:3  | Reached XP level 17. HP: 107/111 MP: 27/27
 29029 | Snake:3  | Noticed Mara
 29029 | Snake:3  | Noticed Vashnia
 29030 | Snake:3  | Noticed Nikola
 29102 | Snake:4  | Entered Level 4 of the Snake Pit
 29102 | Snake:4  | Found Qamayv's Book Emporium.
 29103 | Snake:4  | Noticed Saint Roka
 29125 | Snake:4  | Killed Saint Roka
 29297 | Snake:4  | Reached skill level 10 in Shields
 29341 | Snake:4  | Noticed a quicksilver dragon
 29350 | Snake:4  | Killed a quicksilver dragon
 29589 | Snake:4  | Found Puinoz's Jewellery Shop.
 29627 | Snake:4  | Found Gusecucu's CLEARANCE SALE!.
 30043 | Snake:4  | Got a serpentine rune of Zot
 30087 | Snake:4  | Found Musase's Distillery.
 30095 | Snake:4  | Bought 2 potions of haste for 380 gold pieces
 30095 | Snake:4  | Bought 2 potions of heal wounds for 190 gold pieces
 30095 | Snake:4  | Bought a potion of curing for 57 gold pieces
 30095 | Snake:4  | Bought a potion of lignification for 57 gold pieces
 30095 | Snake:4  | Bought a potion of cancellation for 152 gold pieces
 30095 | Snake:4  | Bought a potion of enlightenment for 95 gold pieces
 30095 | Snake:4  | Bought a potion of attraction for 57 gold pieces
 30095 | Snake:4  | Bought a potion of ambrosia for 152 gold pieces
 30127 | Snake:3  | Noticed Implojin's illusion
 30266 | Snake:3  | Identified the +0 robe of Locedat {rPois}
 30437 | Shoals:1 | Entered Level 1 of the Shoals
 30508 | Shoals:1 | Noticed a kraken
 30522 | Shoals:1 | Killed a kraken
 30882 | Shoals:1 | Reached XP level 18. HP: 116/116 MP: 28/28
 31356 | Shoals:2 | Found a radiant altar of Vehumet.
 32503 | Shoals:3 | Reached skill level 15 in Shields
 32773 | Shoals:3 | Found Qomait's Distillery.
 32778 | Shoals:3 | Bought a potion of invisibility for 128 gold pieces
 32778 | Shoals:3 | Bought a potion of curing for 48 gold pieces
 32778 | Shoals:3 | Bought a potion of mutation for 128 gold pieces
 32778 | Shoals:3 | Bought a potion of curing for 48 gold pieces
 32778 | Shoals:3 | Bought a potion of invisibility for 128 gold pieces
 32970 | Shoals:4 | Entered Level 4 of the Shoals
 33171 | Shoals:4 | Reached skill level 17 in Dodging
 33577 | Shoals:4 | Got a barnacled rune of Zot
 34059 | Shoals:4 | Reached skill level 18 in Dodging
 34063 | Shoals:4 | Got the Information on the Moving Curse
 35054 | Vaults:1 | Entered Level 1 of the Vaults
 35159 | Vaults:2 | Found a magical portal.
 35171 | WizLab   | Entered Iskenderun's Mystic Tower
 35665 | WizLab   | Killed from afar by a purple draconian knight

Illustrated notes

Levels and vault maps discovered:
D:1:      psy_arrival_fountain, layout_rooms, serial_shops, shop_fountains,
          supply_closet_lemuel, minivault_24
D:2:      layout_basic, serial_shops, shop
D:3:      layout_rooms, minmay_statues_item, kennysheep_pointless_box
D:4:      layout_rooms, uniq_sigmund
D:5:      layout_gridville, chequers_serial_rivers_room_a
D:6:      layout_gridville, nicolae_overflow_hidden_temple,
          mainiacjoe_overflow_chevrons, minmay_pentangle, uniq_menkaure
D:7:      gammafunk_corrupted_shrine, layout_layer_cave,
          minmay_temple_entry_metal_lava
D:8:      layout_cave_pods, gammafunk_ghost_berserking_beasts, chequers_garden,
          kennysheep_generic_room_10
D:9:      mumra_celtic_spiral_tile, layout_basic,
          mainiacjoe_overflow_six_doors_small, nemelex_spade_bored_becter,
          uniq_joseph
D:10:     layout_long_grid, lemuel_coloured_pillars_altar, minitemple,
          lair_entry_dummy
D:11:     layout_loops_ring, erik_orc_3, nicolae_straight_to_the_point
D:12:     layout_grid_maze, serial_shops, shop
D:13:     layout_loops_cross, minmay_statue_crystal_thing, uniq_nessos
D:14:     layout_cave_pools, ximxim_vaults_locker_room, gauntlet_entry_generic,
          minmay_misc_feat_roman, wad_rectangle_vault
D:15:     grunt_enter_depths_magical_seal, layout_loops_corners,
          minmay_hedge_maze, minmay_liquid_box
Temple:   nicolae_temple_great_sept
Lair:1:   layout_long_grid, special_room [special_room_bee],
          pdpol_lair_neglected_garden, tgw_fedhas, infiniplex_staircase_pool
Lair:2:   nzn_winding_woodlands_small [nzn_winding_woodlands_5x15_split_checker,
          nzn_winding_woodlands_center_garden,
          nzn_winding_woodlands_5x15_sidewinder], layout_gridlike,
          elwin_shoals_entry_rocks, lightli_volcano_entry_magma_tube,
          uniq_maggie, uniq_fannar, uniq_amaemon
Lair:3:   hellmonk_destroyed_diamonds, layout_regular_city,
          guppyfry_snake_entry_garden, serial_bayou_shore_b, grunt_megastairs_1
Lair:4:   layout_concentric_octagons, slime_entry_1
Lair:5:   cheibrodos_lair_end_hotspot, layout_regular_city,
          serial_bayou_crossing
Shoals:1: layout_shoals
Shoals:2: layout_shoals, lemuel_altar_in_water
Shoals:3: layout_shoals, serial_shops, nicolae_shop_just_a_little_nook
Shoals:4: shoals_end_grunt_ice, layout_shoals, abandoned_shop
Snake:1:  nicolae_snake_shooting_gallery, layout_chambers, serial_shops, shop,
          nicolae_shop_window_shopping, nicolae_shop_trees,
          nicolae_shop_tiny_waterfront, basic_altar, nicolae_snake_single_loop,
          serial_library_regret_index_turning, grunt_ministairs_6, uniq_aizul
Snake:2:  layout_cave_pods, nicolae_snake_slithery_hallway, minmay_shop_grove,
          uniq_frances
Snake:3:  layout_misc_corridors, uniq_mara, uniq_vashnia, uniq_nikola
Snake:4:  hellmonk_snake_rune_quicksilver_temple, layout_cave_shapes,
          serial_shops, shop, shop, shop, nicolae_shop_clearance,
          uniq_saint_roka
Orc:1:    layout_caves, trog_butcher_becter
Orc:2:    kennysheep_orc_mage_school, layout_caves, serial_shops,
          nicolae_shop_bloodbath_and_beyond
Vaults:1: vaults_room_guarded_vault, nicolae_vaults_sesquioval_fish,
          vaults_room_boxed, nicolae_vaults_closet_pinwheel_4,
          nicolae_vaults_shrinking_rooms_1, nicolae_vaults_little_squares_4,
          hangedman_vaults_maws, grunt_vaults_twisty,
          nicolae_vaults_trapezoid_lopsided_3, nicolae_vaults_gold_heap,
          layout_vaults_big_room
Vaults:2: infiniplex_enter_wizlab_water, ontoclasm_vaults_ligature,
          ontoclasm_vaults_twist, v_misc_22, nicolae_vaults_disjoint_gnomons,
          hangedman_vaults_restitches, nicolae_vaults_whirlpool_walls,
          nicolae_vaults_octothorpe, hangedman_vaults_maws,
          nicolae_vaults_more_shelving_1, layout_vaults_omnicross, serial_shops,
          shop
WizLab:   wizlab_iskenderun

Skill      XL: |  1  2  3  4  5  6  7  8  9 10 11 12 13 14 15 16 17 18 |
---------------+-------------------------------------------------------+-----
Short Blades   | 3 4 5 6 7 10 14 | 14.0
Dodging        | 3 4 5 6 7 12 14 16 18 | 18.9
Stealth        | 6 9 10 | 10.0
Throwing       | 2 |  2.0
Invocations    | 2 9 10 13 | 13.1
Fighting       | 10 14 | 14.0
Armour         | 5 8 |  8.0
Shields        | 2 8 13 15 | 15.0

Action                     |  1- 3 |  4- 6 |  7- 9 | 10-12 | 13-15 | 16-18 || total
---------------------------+-------+-------+-------+-------+-------+-------++-------
  Melee: Short sword       |    82 |    55 |       |   243 |       |       ||   380
         Kick              |    24 |    45 |   109 |   276 |   392 |   689 ||  1535
         Peck              |    17 |    22 |    64 |   168 |   274 |   423 ||   968
         Dagger            |       |    74 |   301 |   273 |       |       ||   648
         Punch             |       |       |     7 |     7 |    12 |       ||    26
         Cutlass           |       |       |       |   237 |   934 |  1532 ||  2703
  Throw: Dart              |       |     7 |    43 |    10 |       |       ||    60
         Stone             |       |     2 |       |       |       |       ||     2
         Throwing net      |       |       |       |     2 |       |       ||     2
         Boomerang         |       |       |       |       |       |     1 ||     1
 Invoke: Line Pass         |       |       |       |     5 |    34 |    17 ||    56
         Grand Finale      |       |       |       |     3 |     7 |    10 ||    20
  Evoke: Wand              |       |     1 |     4 |    17 |     3 |     1 ||    26
         Phantom mirror    |       |       |       |     1 |     1 |     1 ||     3
    Use: Scroll            |       |     5 |     9 |     7 |    12 |     9 ||    42
         Potion            |       |     1 |     1 |     3 |     2 |     7 ||    14
   Stab: Sleeping          |     7 |     1 |    11 |     5 |    10 |    26 ||    60
         Paralysed         |       |       |       |    31 |    75 |   113 ||   219
         Held in net/web   |       |       |       |     1 |       |       ||     1
         Confused          |       |       |       |     3 |    30 |    22 ||    55
         Distracted        |       |       |       |       |     4 |     4 ||     8
         Invisible         |       |       |       |       |     4 |       ||     4
 Armour: Leather armour    |    10 |       |       |       |       |       ||    10
         Ring mail         |    13 |    60 |    64 |       |    27 |   234 ||   398
         Steam dragon scal |       |       |     3 |    73 |       |       ||    76
         Chain mail        |       |       |       |    53 |   175 |       ||   228
  Dodge: Dodged            |    42 |   105 |   203 |   728 |   704 |   781 ||  2563
  Block: Other             |       |       |       |       |     7 |       ||     7
         Buckler           |       |       |       |       |   114 |   166 ||   280
         Kite shield       |       |       |       |       |       |   612 ||   612
